 Dungeon Crawl Stone Soup version 0.30.1-11-g7821555f0a (webtiles) character file.

Game seed: 1847779122744492082

3741 Kallu the Artisan of Death (level 9, -5/61 HPs)
             Began as a Demonspawn Conjurer on Jan 14, 2024.
             Was a Priest of Kikubaaqudgha.
             Hit by a large rock thrown by a cyclops (43 damage)
             ... on level 7 of the Dungeon.
             The game lasted 00:22:34 (8949 turns).

Kallu the Artisan of Death (Demonspawn Conjurer)    Turns: 8949, Time: 00:22:35

Health: -5/61      AC: 10    Str: 12    XL:     9   Next: 93%
Magic:  12/18      EV: 16    Int: 27    God:    Kikubaaqudgha [***...]
Gold:   414        SH:  9    Dex:  3    Spells: 14/21 levels left

rFire   + . .        a - +9 hammer of Cheibriados's Hatred {freeze, rF+ Will+ Int+3 Dex-4}
rCold   . . .        J - crystal ball of Wucad Mu {*channel}
rNeg    + . .        m - +0 troll leather armour
rPois   .            l - +0 helmet
rElec   +            t - +0 cloak
rCorr   +            r - +0 pair of gloves
SInv    .            (no boots)
Will    +....        L - amulet of Cestreh {Reflect rElec rCorr Dex-4 SH+5}
Stlth   +            v - +5 ring of evasion
HPRegen 1.10/turn    d - ring "Wutaec" {rN+ Str+4}
MPRegen 0.16/turn

%: reflection, channel magic (40%)
@: no status effects
A: thin metallic scales 2, foul stench 2, condensation shield
a: Renounce Religion, Unearth Wretches


You were on level 7 of the Dungeon.
You worshipped Kikubaaqudgha.
Kikubaaqudgha was most pleased with you.
You visited 2 branches of the dungeon, and saw 8 of its levels.
You also visited: Ossuary.

You collected 519 gold pieces.
You spent 105 gold pieces at shops.

Inventory:

Hand Weapons
 a - the +9 hammer of Cheibriados's Hatred (weapon) {freeze, rF+ Will+ Int+3 Dex-4}
   (You found it on level 7 of the Dungeon)

   Int:       It affects your intelligence (+3).
   Dex:       It affects your dexterity (-4).
   rF:        It protects you from fire.
   Will:      It increases your willpower.
Missiles
 h - 52 poisoned darts
 u - 2 javelins
Armour
 l - a +0 helmet (worn)
 m - a +0 troll leather armour (worn)
 r - a +0 pair of gloves (worn)
 t - a +0 cloak (worn)
 J - the crystal ball of Wucad Mu (worn) {*channel}
   (You found it on level 7 of the Dungeon)

   *Channel:  It often returns the magic spent to cast spells, but lowers their
   success rate.
   It always returns the magic spent on miscasts.
Magical Staves
 b - the staff of conjuration "Herchaick" {Dex+3 Stlth+}
   (You acquired it on level 5 of the Dungeon)

   [staff of conjuration]

   Base accuracy: +5 Base damage: 5 Base attack delay: 1.2 This weapon's minimum
   attack delay (0.6) is reached at skill level 12.
   Dex:       It affects your dexterity (+3).
   Stlth:     It makes you more stealthy.
   It falls into the 'Staves' category.
   It is a one-handed weapon.
Jewellery
 d - the ring "Wutaec" (right hand) {rN+ Str+4}
   (You acquired it on level 5 of the Dungeon)

   [ring of positive energy]

   Str:       It affects your strength (+4).
   rN:        It protects you from negative energy.
 v - a +5 ring of evasion (left hand)
 y - a ring of protection from cold
 L - the amulet of Cestreh (around neck) {Reflect rElec rCorr Dex-4 SH+5}
   (You took it off a wight on level 7 of the Dungeon)

   [amulet of reflection]

   It reflects blocked missile attacks.
   Dex:       It affects your dexterity (-4).
   rElec:     It insulates you from electricity.
   rCorr:     It protects you from acid and corrosion.
   SH:        It affects your SH (+5).
Wands
 o - a wand of roots (11)
 z - a wand of paralysis (7)
Scrolls
 c - a scroll of butterflies
 e - 3 scrolls of blinking
 k - 2 scrolls of teleportation {unknown}
 n - a scroll of brand weapon {unknown}
 p - 4 scrolls of enchant armour
 q - 3 scrolls of silence
 s - 4 scrolls of enchant weapon
 w - a scroll of poison
 x - 2 scrolls of immolation
 B - 3 scrolls of fog
 H - a scroll of torment {unknown}
Potions
 f - a potion of cancellation {unknown}
 g - 3 potions of curing
 i - a potion of heal wounds
 j - a potion of ambrosia {unknown}
 A - 2 potions of haste {unknown}
 C - 2 potions of flight {unknown}
 D - a potion of attraction {unknown}
 E - a potion of mutation {unknown}
 F - 4 potions of magic
 G - a potion of lignification {unknown}
Miscellaneous
 I - a phial of floods
 K - a piece from Xom's chessboard (15/15)


   Skills:
 - Level 2.0 Fighting
 - Level 1.7 Dodging
 - Level 1.8 Stealth
 + Level 6.5 Spellcasting
 * Level 8.9 Conjurations
 - Level 9.9 Necromancy
 - Level 2.0 Translocations


You had 14 spell levels left.
You knew the following spells:

 Your Spells              Type           Power      Damage    Failure   Level
a - Magic Dart            Conj           100%       1d8       2%          1
b - Searing Ray           Conj           100%       2d8       2%          2
c - Iskenderun's Mystic   Conj/Tloc      38%        2d9       22%         4

Your spell library contained the following spells:

 Spells                   Type           Power      Damage    Failure   Level
 Kiss of Death            Conj/Necr      100%       2d13      1%          1
 Necrotise                Necr           100%       1d9       1%          1
 Animate Dead             Necr           58%        N/A       6%          4
 Dispel Undead            Necr           58%        3d21      6%          4
 Cigotuvi's Dreadful Rot  Necr/Pois/Air  52%        N/A       11%         2
 Apportation              Tloc           38%        N/A       12%         1
 Dazzling Flash           Conj/Hex       66%        N/A       12%         3
 Agony                    Necr           58%        N/A       12%         5
 Summon Small Mammal      Summ           32%        N/A       21%         1
 Anguish                  Hex/Necr       17%        N/A       24%         4
 Fulminant Prism          Conj/Hex       16%        3d11      28%         4
 Death Channel            Necr           29%        N/A       41%         6


Dungeon Overview and Level Annotations

Branches:
Dungeon (7/15)             Temple (1/1) D:6         Ossuary (visited)

Altars:
Ashenzari
Cheibriados
Dithmenos
Fedhas
Gozag
Hepliaklqana
Kikubaaqudgha
Makhleb
Nemelex Xobeh
Okawaru
Qazlal
Ru
Sif Muna
Trog
Uskayaw
Vehumet
Wu Jian
Xom
Yredelemnul

Shops:
D:1 ?   D:2 *   D:4 *


Innate Abilities, Weirdness & Mutations

You are mostly covered in thin metallic scales. (AC +3)
You sometimes emit foul miasma when damaged in melee.
A meltable shield of frost defends you. (SH +4)


Message History

Okay, then.
The magic dart hits the cyclops.
The cyclops is lightly wounded.
Magical energy flows into your mind!
Casting: Magic Dart (safe; 2% risk of failure)
Confirm with . or Enter, or press ? or * to list all spells.
Aiming: Searing Ray (safe; 2% risk of failure)
Press: ? - help, Shift-Dir - straight line, f/p - cyclops
Aim: a cyclops, quivering large rocks (lightly wounded, 98% to hit)
The searing ray hits the cyclops.
The cyclops is moderately wounded. (Press . to maintain the ray.) Magical energy flows into your mind!
The searing ray hits the cyclops!
The cyclops is heavily wounded.
The searing ray hits the cyclops.
The cyclops is heavily wounded.
The cyclops throws a large rock.
You block the large rock with an invisible shield... and reflect it back!
The large rock barely misses the cyclops.
The searing ray hits the cyclops!
The cyclops is severely wounded.
You finish channelling your searing ray.
Casting: Searing Ray (safe; 2% risk of failure)
Confirm with . or Enter, or press ? or * to list all spells.
Aiming: Searing Ray (safe; 2% risk of failure)
Press: ? - help, Shift-Dir - straight line, f/p - cyclops
Aim: a cyclops, quivering large rocks (severely wounded, 98% to hit)
The searing ray hits the cyclops.
The cyclops is severely wounded. (Press . to maintain the ray.)
The cyclops throws a large rock.
The large rock hits you!!
The searing ray hits the cyclops!
The cyclops is almost dead.
The searing ray hits the cyclops but does no damage.
The cyclops is almost dead.
The cyclops throws a large rock.
The large rock hits you!!!
Ouch! That really hurt!
You die...
Kikubaaqudgha rasps: "You have failed me!
Welcome... death!"

#.#.##.##...## ##.⌠.#.#.⌠.##..#
..).#..#|....# #....#.#...[#..#
..Y.#.##....##..#####.⌠.#####..#
....5..#...## .......⌠⌠⌠..÷....#
....#.##.)..##..#####.⌠.#####..#
....#..#.....# .#..[.#.#...(#..#
....##.##...##.###.⌠.#.#.⌠.##..#
5..C.##.#..##.##.##..#.#..##...#
...#..##.....##.@.##.#.#(##....#
... #..###.###C.#.)###.###..>..#
... #.C.......###.........###.#
########### #######.#####.#
#.........# #.#....####
#.#<...## #.......# ##......#


You could see a cyclops.

Vanquished Creatures
  A manticore (D:7)
  An unseen horror (D:7)
  A troll (D:7)
  A steam dragon (D:4)
  An acid dragon (D:7)
  A water moccasin (D:7)
  4 ice beasts
  An orc warrior (D:7)
  A black bear (D:7)
  3 sky beasts (D:7)
  2 phantoms
  2 kobold brigands
  2 bullfrogs
  A scorpion (D:4)
  2 wights (D:7)
  A howler monkey (D:7)
  4 centaur zombies (Ossuary)
  Crazy Yiuf (D:7)
  A jelly (D:5)
  2 orc priests (D:5)
  A gnoll bouda (D:7)
  3 hounds
  A sleepcap (D:5)
  4 iguanas
  6 orc wizards
  6 mummies (Ossuary)
  Robin (D:2)
  7 gnolls
  13 adders
  5 white imps
  An ufetubus (D:6)
  3 worms
  2 dart slugs (D:1)
  28 orcs
  12 endoplasms
  4 giant cockroaches
  12 goblins
  19 hobgoblins
  2 jackals (D:4)
  7 quokkas
  7 ball pythons
  8 bats
  3 frilled lizards
  3 hobgoblin zombies (Ossuary)
  27 kobolds
  5 rats
223 creatures vanquished.

Notes
Turn   | Place    | Note
-------+----------+-------------------------------------------
     0 | D:1      | Kallu the Demonspawn Conjurer began the quest for the Orb.
     0 | D:1      | Reached XP level 1. HP: 13/13 MP: 3/3
   421 | D:1      | Gained mutation: You may rarely emit foul miasma when
                  | damaged in melee. [demonic ancestry]
   421 | D:1      | Reached XP level 2. HP: 18/19 MP: 3/5
   544 | D:1      | Found Pummurat's Magic Scroll Boutique.
   551 | D:1      | Bought a scroll of blinking for 105 gold pieces
  1061 | D:1      | Reached XP level 3. HP: 24/24 MP: 1/7
  1064 | D:1      | Learned a level 2 spell: Searing Ray
  2100 | D:2      | Found Lazarphu's General Store.
  2144 | D:2      | Gained mutation: You are partially covered in thin metallic
                  | scales. (AC +2) [demonic ancestry]
  2144 | D:2      | Reached XP level 4. HP: 30/30 MP: 6/10
  2403 | D:2      | Noticed Robin
  2438 | D:2      | Reached skill level 1 in Fighting
  2456 | D:2      | Killed Robin
  3065 | D:3      | Found a radiant altar of Vehumet.
  3070 | D:3      | Found a burning altar of Makhleb.
  3078 | D:3      | Found a blossoming altar of Fedhas.
  3090 | D:3      | Found an ancient bone altar of Kikubaaqudgha.
  3107 | D:3      | Found a sparkling altar of Nemelex Xobeh.
  3133 | D:3      | Became a worshipper of Kikubaaqudgha
  3172 | D:3      | Gained mutation: You are mostly covered in thin metallic
                  | scales. (AC +3) [demonic ancestry]
  3172 | D:3      | Reached XP level 5. HP: 38/38 MP: 6/11
  3413 | D:3      | Found a bloodstained altar of Trog.
  4039 | D:4      | Noticed a steam dragon
  4101 | D:4      | Reached skill level 5 in Spellcasting
  4249 | D:4      | Reached XP level 6. HP: 44/44 MP: 4/14
  4322 | D:4      | Killed a steam dragon
  4325 | D:4      | Reached * piety under Kikubaaqudgha
  4325 | D:4      | Received a gift from Kikubaaqudgha
  4605 | D:4      | Reached skill level 1 in Necromancy
  4629 | D:4      | Found a shadowy altar of Dithmenos.
  4892 | D:4      | Found Naehetur's Fire Supplies.
  5032 | D:5      | Entered Level 5 of the Dungeon
  5163 | D:5      | Noticed an ice beast
  5170 | D:5      | Reached XP level 7. HP: 44/50 MP: 10/16
  5177 | D:5      | Reached skill level 5 in Conjurations
  5177 | D:5      | Reached skill level 2 in Necromancy
  5214 | D:5      | Identified a scroll of acquirement
  5214 | D:5      | Acquired the ring "Wutaec" {rN+ Str+4}
  5361 | D:5      | Found a hide-covered altar of Uskayaw.
  5467 | D:5      | Reached skill level 3 in Necromancy
  5496 | D:5      | Found a sand-covered staircase.
  5529 | Ossuary  | Entered an ossuary
  5547 | Ossuary  | Gained mutation: A meltable shield of frost defends you.
                  | (SH +4) [demonic ancestry]
  5547 | Ossuary  | Reached XP level 8. HP: 56/56 MP: 0/17
  5585 | Ossuary  | Reached ** piety under Kikubaaqudgha
  5616 | Ossuary  | Reached skill level 4 in Necromancy
  5759 | D:5      | Acquired the staff of conjuration "Herchaick" {Dex+3
                  | Stlth+}
  6327 | D:6      | Learned a level 4 spell: Iskenderun's Mystic Blast
  6424 | D:6      | Found a staircase to the Ecumenical Temple.
  6433 | Temple   | Entered the Ecumenical Temple
  6532 | D:6      | Reached skill level 1 in Translocations
  7457 | D:7      | Reached skill level 5 in Necromancy
  7602 | D:7      | Reached skill level 6 in Necromancy
  7654 | D:7      | Found a runed translucent door.
  7655 | D:7      | Noticed Crazy Yiuf
  7664 | D:7      | Killed Crazy Yiuf
  7668 | D:7      | Identified the +9 hammer of Cheibriados's Hatred {freeze,
                  | rF+ Will+ Int+3 Dex-4}
  7768 | D:7      | Gained mutation: You sometimes emit foul miasma when
                  | damaged in melee. [demonic ancestry]
  7768 | D:7      | Reached XP level 9. HP: 51/61 MP: 10/18
  7933 | D:7      | Reached skill level 7 in Necromancy
  8020 | D:7      | Reached *** piety under Kikubaaqudgha
  8020 | D:7      | Received a gift from Kikubaaqudgha
  8145 | D:7      | Killed an unseen horror
  8146 | D:7      | Reached skill level 8 in Necromancy
  8231 | D:7      | Reached skill level 9 in Necromancy
  8344 | D:7      | Noticed a troll
  8372 | D:7      | Killed a troll
  8699 | D:7      | Found the crystal ball of Wucad Mu {*channel}
  8706 | D:7      | Identified the +1 flail of Tender Mercy {heavy, *Slow rN+
                  | Will+++ Dex+6}
  8711 | D:7      | Identified the staff of poison "Ryugreyng" {rPois rC-
                  | Str+6}
  8740 | D:7      | Identified the amulet of Cestreh {Reflect rElec rCorr Dex-4
                  | SH+5}
  8874 | D:7      | Noticed a manticore
  8884 | D:7      | Killed a manticore
  8929 | D:7      | Noticed a cyclops
  8949 | D:7      | Hit by a large rock thrown by a cyclops

Illustrated notes

Levels and vault maps discovered:
D:1:      dpeg_arrival_circle_labyrinth_c, layout_basic, serial_shops,
          nicolae_shop_tiny_glass, minmay_gold_behind_fungi,
          nrook_mini_backslash
D:2:      layout_loops_cross, serial_shops, nicolae_shop_trees, basic_altar,
          minmay_misc_feat_enclosed, uniq_robin
D:3:      layout_loops_cross, lemuel_doored_altar,
          grunt_temple_overflow_octagram, st_stairs_9
D:4:      layout_cave_pools, nicolae_dithmenos_the_darkroom,
          nicolae_shop_fire_sale [nicolae_sub_dead_trees], kennysheep_potato
D:5:      layout_basic, nicolae_ossuary_entry_ruins, kennysheep_small_circle
D:6:      kennysheep_kobold_camp, layout_gridville, minmay_temple_entry_grid,
          minmay_misc_feat_plants
D:7:      minmay_the_grid_octo_2x2 [minmay_the_grid_octo_clover,
          minmay_the_grid_octo_pinwheel, minmay_the_grid_octo_concentric,
          minmay_the_grid_octo_prize_ultimate_mussel_roller], layout_basic,
          minmay_puff, uniq_prince_ribbit1, uniq_crazy_yiuf_cottage, uniq_maggie
Temple:   nicolae_temple_ecumenical_triangle

Skill      XL: |  1  2  3  4  5  6  7  8  9 |
---------------+----------------------------+-----
Spellcasting   | 3 4 5 6 |  6.5
Fighting       | 2 |  2.0
Necromancy     | 1 3 6 9 |  9.9
Conjurations   | 6 8 |  8.9
Translocations | 2 |  2.0
Dodging        | |  1.7
Stealth        | |  1.8

Action                     |  1- 3 |  4- 6 |  7- 9 || total
---------------------------+-------+-------+-------++-------
  Melee: Unarmed           |    16 |     1 |       ||    17
         Short sword       |       |    47 |       ||    47
         Punch             |       |     2 |     1 ||     3
         Dagger            |       |    29 |    49 ||    78
         Staff             |       |       |     9 ||     9
         Mace              |       |       |     9 ||     9
   Cast: Magic Dart        |    72 |    29 |    63 ||   164
         Searing Ray       |     7 |    34 |    61 ||   102
  Evoke: Wand              |       |     1 |    14 ||    15
    Use: Scroll            |       |     7 |     8 ||    15
         Potion            |       |       |     1 ||     1
   Stab: Sleeping          |       |     1 |     1 ||     2
         Paralysed         |       |       |     4 ||     4
 Armour: Robe              |    11 |    37 |    71 ||   119
         Troll leather arm |       |       |     3 ||     3
  Dodge: Dodged            |    38 |    71 |   240 ||   349
  Block: Other             |       |       |    42 ||    42
         Orb               |       |       |     5 ||     5
         Reflection        |       |       |     1 ||     1
